 Dungeon Crawl Stone Soup version 0.28-a0-819-g6ef7baa362 (webtiles) character file.

Game seed: 18430388109883310364

168 MirrMurr the Sneak (level 5, -12/24 HPs)
             Began as a Spriggan Enchanter on Nov 8, 2021.
             Killed by divine providence
             ... invoked by an orc priest
              (16 damage)
             ... on level 3 of the Dungeon.
             The game lasted 00:07:37 (3861 turns).

MirrMurr the Sneak (Spriggan Enchanter)             Turns: 3861, Time: 00:07:37

Health: -12/24     AC:  2    Str:  5    XL:     5   Next: 23%
Magic:  3/10       EV: 17    Int: 17    God:
Gold:   184        SH:  0    Dex: 15    Spells: 1/9 levels left

rFire   . . .      SeeInvis +   a - +1 dagger
rCold   . . .      Faith    .   (shield restricted)
rNeg    . . .      Spirit   .   k - +0 robe
rPois   .          Reflect  .   (helmet restricted)
rElec   .          Harm     .   e - scarf {+Inv}
rCorr   .          Rampage  .   (gloves unavailable)
Will    .....                   (boots unavailable)
Stlth   ++++......              i - amulet of regeneration
HPRegen 1.08/turn               (no ring)
MPRegen 0.12/turn               (no ring)

@: very quick
A: very small, no large weapons, unfitting armour, see invisible, speed 3
a: Evoke Invisibility


You were on level 3 of the Dungeon.
You visited 1 branch of the dungeon, and saw 3 of its levels.

You collected 184 gold pieces.

Inventory:

Hand Weapons
 a - a +1 dagger (weapon)
 b - a +0 short sword of speed
Missiles
 f - 63 stones (quivered)
Armour
 e - a scarf of invisibility (worn)
 k - a +0 robe (worn)
Jewellery
 i - an amulet of regeneration (around neck)
Scrolls
 d - a scroll of enchant armour {unknown}
 g - 2 scrolls of fear
 j - 2 scrolls of identify {unknown}
 l - a scroll of enchant weapon {unknown}
 m - a scroll of immolation {unknown}
 n - a scroll of summoning {unknown}
 o - a scroll of teleportation {unknown}
Potions
 c - 3 potions of invisibility
 h - 2 potions of curing {unknown}
 p - a potion of resistance {unknown}


   Skills:
 + Level 4.0 Short Blades
 - Level 2.6 Dodging
 + Level 7.2 Stealth
 - Level 2.6 Spellcasting
 - Level 3.6 Hexes


You had one spell level left.
You knew the following spells:

 Your Spells              Type           Power      Damage    Failure   Level
a - Ensorcelled Hibernat  Hex/Ice        16%        N/A       13%         2
b - Confusing Touch       Hex            14%        N/A       12%         3
c - Tukima's Dance        Hex            14%        N/A       12%         3

Your spell library contained the following spells:

 Spells                   Type           Power      Damage    Failure   Level
 Animate Skeleton         Necr           4%         N/A       19%         1
 Apportation              Tloc           4%         N/A       19%         1
 Summon Small Mammal      Summ           8%         N/A       19%         1
 Dazzling Flash           Conj/Hex       16%        N/A       26%         3


Dungeon Overview and Level Annotations

Branches:
Dungeon (3/15)

Altars:
Trog


Innate Abilities, Weirdness & Mutations

You are very small and have problems with some larger weapons.
You are too small for most types of armour.
You have supernaturally acute eyesight. (SInv)
You cover ground extremely quickly. (Speed+++)


Message History

Unknown command.
Casting: Ensorcelled Hibernation (safe; 13% risk of failure)
Confirm with . or Enter, or press ? or * to list all spells.
Aiming: Ensorcelled Hibernation (safe; 13% risk of failure)
Press: ? - help, Shift-Dir - straight line, f/p - orc priest
Aim: an orc priest, wielding a +0 flail and wearing a +0 scale mail (chance to affect: 39%)
The orc priest resists with some effort.
The orc priest hits you with a +0 flail.
You hit the orc priest.
The orc priest is lightly wounded.
The orc priest misses you.
Casting: Ensorcelled Hibernation (safe; 13% risk of failure)
Confirm with . or Enter, or press ? or * to list all spells.
Aiming: Ensorcelled Hibernation (safe; 13% risk of failure)
Press: ? - help, Shift-Dir - straight line, f/p - orc priest
Aim: an orc priest, wielding a +0 flail and wearing a +0 scale mail (lightly wounded, chance to affect: 39%)
The orc priest resists with some effort.
The orc priest hits you with a +0 flail!
You closely miss the orc priest.
The orc priest is lightly wounded.
The orc priest closely misses you.
Casting: Ensorcelled Hibernation (safe; 13% risk of failure)
Confirm with . or Enter, or press ? or * to list all spells.
Aiming: Ensorcelled Hibernation (safe; 13% risk of failure)
Press: ? - help, Shift-Dir - straight line, f/p - orc priest
Aim: an orc priest, wielding a +0 flail and wearing a +0 scale mail (lightly wounded, chance to affect: 39%)
The orc priest resists with some effort.
The orc priest barely misses you.
You closely miss the orc priest.
The orc priest is lightly wounded.
The worm completely misses you.
The orc priest hits you with a +0 flail!
The worm bites you!
* * * LOW HITPOINT WARNING * * *
Your magical contamination has completely faded away.
There is a stone staircase leading up here.
The orc priest invokes the aid of Beogh against you.
Beogh smites you!
Ouch! That really hurt!
You die...

#..........#. ####..........#.
....# ###.............#. ....#
########...........###.## ....#
#........................ ....#
#...................##.##
....#####..............####.##...
##............o........# #...###
........)..###w.@......####......
.......................>....#.###
....w......##..........#.#.......
....†......##.##.#.....#.#.##....
..#####.#####.##.........#.......
#. #.#.....#######.#######.... #.
#.#.###.........#..######## ##
#.#.............#........#
#.####...................#


You could see a worm and an orc priest.

Vanquished Creatures
  An orc priest (D:3)
  An iguana (D:3)
  Jessica (D:2)
  A gnoll (D:1)
  3 adders (D:2)
  An orc (D:3)
  5 bats
  5 endoplasms
  5 goblins
  6 hobgoblins
  6 kobolds
  2 quokkas
  5 ball pythons
  4 frilled lizards
  5 rats
51 creatures vanquished.

Notes
Turn   | Place    | Note
-------+----------+-------------------------------------------
     0 | D:1      | MirrMurr the Spriggan Enchanter began the quest for the
                  | Orb.
     0 | D:1      | Reached XP level 1. HP: 9/9 MP: 5/5
   499 | D:1      | Reached XP level 2. HP: 13/13 MP: 6/6
   502 | D:1      | Learned a level 2 spell: Ensorcelled Hibernation
   529 | D:1      | Reached skill level 5 in Stealth
  1762 | D:1      | Reached XP level 3. HP: 6/16 MP: 2/8
  2147 | D:2      | Found a faded altar of an unknown god.
  2191 | D:2      | Noticed Jessica
  2197 | D:2      | Killed Jessica
  2198 | D:2      | Reached skill level 6 in Stealth
  2198 | D:2      | Reached XP level 4. HP: 21/21 MP: 2/9
  2948 | D:3      | Noticed an orc warrior
  3125 | D:3      | Found a bloodstained altar of Trog.
  3366 | D:2      | Learned a level 3 spell: Confusing Touch
  3370 | D:2      | Learned a level 3 spell: Tukima's Dance
  3477 | D:3      | Reached skill level 7 in Stealth
  3477 | D:3      | Reached XP level 5. HP: 24/24 MP: 3/10
  3861 | D:3      | Killed from afar by an orc priest

Illustrated notes

Levels and vault maps discovered:
D:1:      eino_arrival_cavern_c, layout_loops_ring, minmay_misc_feat_rugged,
          hangedman_decor_lopped
D:2:      layout_rooms, chequers_ecumenical_altar_island, uniq_jessica
D:3:      layout_basic, mainiacjoe_overflow_cross_hatched

Skill      XL: |  1  2  3  4  5 |
---------------+----------------+-----
Stealth        | 5 6 7 |  7.2
Short Blades   | 2 3 4 |  4.0
Dodging        | |  2.6
Spellcasting   | |  2.6
Hexes          | |  3.6

Action                   |  1- 3 |  4- 6 || total
-------------------------+-------+-------++-------
Melee: Dagger            |    52 |    87 ||   139
 Cast: Ensorcelled Hiber |    21 |    29 ||    50
 Abil: Evoke Invisibilit |     1 |       ||     1
  Use: Scroll            |       |     1 ||     1
 Stab: Sleeping          |    17 |    16 ||    33
       Invisible         |     1 |       ||     1
Armor: Robe              |     6 |    13 ||    19
Dodge: Dodged            |    48 |    73 ||   121

Table legend: (Time is in decaauts)
 A = Elapsed time spent in this place.
 B = Non-inter-level travel time spent in this place.
 C = Inter-level travel time spent in this place.
 D = Time resting spent in this place.
 E = Time spent auto-exploring this place.
 F = Levels seen in this place.
 G = Mean time per level.
                   A        B        C        D        E       F      G
               +--------+--------+--------+--------+--------+-----+--------+
         Total |   2945 |   2847 |     98 |    457 |   1789 |   3 |  981.7 |
       Dungeon |   2945 |   2847 |     98 |    457 |   1789 |   3 |  981.7 |
               +--------+--------+--------+--------+--------+-----+--------+

Top non-repeatable levels by time:
     D:1: 1527 daAuts
     D:2: 979 daAuts
     D:3: 438 daAuts
